 Dungeon Crawl Stone Soup version 0.31-b1-17-gcfd88c8481 (webtiles) character file.

Game seed: 16738724089510720611

1684 jondo1214 the Cleaver (level 9, -2/75 HPs)
             Began as a Hill Orc Fighter on Jan 15, 2024.
             Was a Believer of Beogh.
             Slain by a gnoll sergeant
             ... wielding a +0 trident
              (4 damage)
             ... on level 6 of the Dungeon.
             The game lasted 00:18:48 (5013 turns).

jondo1214 the Cleaver (Hill Orc Fighter)            Turns: 5013, Time: 00:18:49

Health: -2/75      AC: 15    Str: 23    XL:     9   Next: 2%
Magic:  9/9        EV:  6    Int:  8    God:    Beogh [**....]
Gold:   298        SH:  9    Dex: 10    Spells: 8/8 levels left

rFire   . . .        a - +1 war axe (spect)
rCold   . . .        j - +0 kite shield
rNeg    . . .        s - +0 plate armour
rPois   .            (no helmet)
rElec   .            p - +0 cloak
rCorr   .            e - +0 pair of gloves
SInv    +            (no boots)
Will    .....        (no amulet) Stlth
                     o - ring of see invisible
HPRegen 0.32/turn    (no ring)
MPRegen 0.11/turn

%: no passive effects
@: lethally poisoned (-2 -> -5)
A: no striking features
a: Renounce Religion, Smiting


You were on level 6 of the Dungeon.
You worshipped Beogh.
Beogh was pleased with you.
You visited 1 branch of the dungeon, and saw 6 of its levels.
You also visited: Sewer.

You collected 393 gold pieces.
You spent 95 gold pieces at shops.

Inventory:

Hand Weapons
 a - a +1 spectral war axe (weapon)
 l - a +3 quarterstaff of chaos
 n - a +2 heavy flail
 r - a +0 long sword of freezing
Missiles
 x - 2 throwing nets (quivered)
Armour
 b - a +0 scale mail
 e - a +0 pair of gloves (worn)
 g - an orb of wrath
 j - a +0 kite shield (worn)
 p - a +0 cloak (worn)
 s - a +0 plate armour (worn)
Jewellery
 o - a ring of see invisible (left hand)
Scrolls
 c - 4 scrolls of teleportation
 m - 3 scrolls of blinking
Potions
 h - 2 potions of cancellation
 i - 2 potions of mutation
 q - a potion of berserk rage
 t - a potion of resistance
 w - 3 potions of attraction


   Skills:
 * Level 6.2 Fighting
 * Level 9.9 Axes
 * Level 7.2 Armour
 + Level 0.5 Dodging
 * Level 5.6 Shields


You had 8 spell levels left.
You didn't know any spells.
Your spell library contained the following spells:

 Spells                   Type           Power      Damage    Failure   Level
 Slow                     Hex            0%         N/A       100%        1
 Confusing Touch          Hex            0%         N/A       100%        3
 Sigil of Binding         Hex            0%         N/A       100%        3
 Vampiric Draining        Necr           0%         2d6       100%        3


Dungeon Overview and Level Annotations

Branches:
Dungeon (6/15)              Sewer (visited)
 Temple: D:4-7

Altars:
Ashenzari
Nemelex Xobeh
Okawaru
Vehumet

Shops:
D:1 :[?[

Annotations:
D:4 3 runed translucent doors, tab's ghost, novice DgSh


Message History

You barely miss the gnoll.
The gnoll is almost dead.
You block the gnoll sergeant's attack. You block the gnoll's attack.
You block the gnoll sergeant's attack.
You slash the gnoll!
You kill the gnoll!
Beogh accepts your kill.
The gnoll sergeant hits you from afar with a +0 trident.
You closely miss the gnoll. The gnoll barely misses you.
The gnoll hits you but does no damage.
You are poisoned.
You block the gnoll sergeant's attack.
You slash the gnoll!
The gnoll is almost dead.
You feel very sick. The gnoll hits you with a +0 whip!
* * * LOW HITPOINT WARNING * * *
You block the gnoll's attack.
The gnoll sergeant hits you from afar with a +0 trident.
* * * LOW HITPOINT WARNING * * *
You feel very mighty all of a sudden.
You feel sick. The gnoll hits you with a +0 whip.
* * * LOW HITPOINT WARNING * * *
The gnoll hits you but does no damage.
The gnoll sergeant hits you but does no damage.
You slice the gnoll!!
You kill the gnoll!
Beogh accepts your kill.
You feel sick. You block the gnoll's attack.
The gnoll sergeant hits you from afar with a +0 trident!
* * * LOW HITPOINT WARNING * * *
It was a potion of haste.
You feel yourself speed up.
* * * LOW HITPOINT WARNING * * *
You feel sick. You block the gnoll sergeant's attack.
The gnoll barely misses you.
Your magical effects are unravelling.
You feel magically purged.
You feel yourself slow down.
You feel a little less mighty now.
The gnoll sergeant hits you from afar with a +0 trident.
You die...

################
...............#
.........#####.#####
.........# #.....#
.........# #.###.#
.........# ##.###.#
.........####...##g###
.............._[@)g..######
.........#.##...####......#
##########.###.## #......#
# #......#.###.# #..o...#
#......#.....# #....o.#
#...gg.#####[#
#....gg#######
###......ggo...#
##.##.g.......
....###+########
#.##......... .o......#
#.##.........


You could see a gnoll sergeant and a gnoll.

Vanquished Creatures
  Grinder (D:6)
  2 orc warriors
  3 ogres (D:5)
  A kobold brigand (D:5)
  2 bullfrogs (Sewer)
  2 scorpions (D:5)
  A bombardier beetle (D:5)
  4 hounds
  2 orc priests
  Crazy Yiuf (D:3)
  A gnoll bouda (D:4)
  A jelly (D:5)
  3 iguanas
  2 orc wizards
  7 adders
  9 gnolls
  12 dart slugs
  2 ribbon worms
  10 orcs
  16 ball pythons
  2 bats
  6 endoplasms
  12 giant cockroaches
  16 goblins
  13 hobgoblins
  9 jackals (D:4)
  9 kobolds
  6 quokkas
  15 frilled lizards
  8 rats
178 creatures vanquished.

Vanquished Creatures (others)
  A hound (D:5)
1 creature vanquished.

Grand Total: 179 creatures vanquished

Notes
Turn   | Place    | Note
-------+----------+-------------------------------------------
     0 | D:1      | jondo1214 the Hill Orc Fighter began the quest for the Orb.
     0 | D:1      | Reached XP level 1. HP: 19/19 MP: 1/1
    21 | D:1      | Found Esmicsua's Antique Armour Shoppe.
   227 | D:1      | Reached XP level 2. HP: 27/27 MP: 2/2
   242 | D:1      | Found Piot's Antique Armour Shoppe.
   384 | D:1      | Reached XP level 3. HP: 28/33 MP: 3/3
   396 | D:1      | Reached skill level 3 in Axes
   584 | D:1      | Found Deliotarch's Book Shoppe.
   785 | D:1      | Found Nadush's Magic Scroll Shoppe.
   792 | D:1      | Bought a scroll of identify for 20 gold pieces
   792 | D:1      | Bought a scroll of enchant weapon for 75 gold pieces
  1089 | D:2      | Reached XP level 4. HP: 40/40 MP: 4/4
  1320 | D:2      | Reached skill level 4 in Axes
  1634 | D:3      | Reached XP level 5. HP: 12/46 MP: 5/5
  2065 | D:3      | Found a sparkling altar of Nemelex Xobeh.
  2153 | D:3      | Found a runed translucent door.
  2154 | D:3      | Noticed Crazy Yiuf
  2162 | D:3      | Killed Crazy Yiuf
  2415 | D:4      | Reached skill level 5 in Axes
  2415 | D:4      | Reached XP level 6. HP: 53/53 MP: 6/6
  2495 | D:4      | Found a runed translucent gate.
  2509 | D:4      | Found a runed translucent gate.
  2509 | D:4      | Noticed tab's ghost (novice DgSh)
  2510 | D:4      | Found a runed translucent gate.
  2510 | D:4      | Noticed a steam dragon
  2596 | D:4      | Noticed an orc warrior
  2603 | D:4      | HP: 1/53 [orc warrior/+0 long sword of freezing (8)]
  2604 | D:4      | Killed an orc warrior
  2605 | D:4      | Reached skill level 5 in Armour
  2836 | D:4      | Reached skill level 6 in Axes
  2912 | D:4      | Reached XP level 7. HP: 52/60 MP: 7/7
  3272 | D:5      | Entered Level 5 of the Dungeon
  3394 | D:5      | Reached skill level 5 in Fighting
  3394 | D:5      | Reached skill level 7 in Axes
  3498 | D:5      | Became a worshipper of Beogh the Brigand
  3621 | D:5      | Reached XP level 8. HP: 52/68 MP: 8/8
  3715 | D:5      | Reached skill level 8 in Axes
  3844 | D:5      | Found an iron altar of Okawaru.
  3853 | D:5      | Found a broken altar of Ashenzari.
  4374 | D:6      | Noticed Grinder
  4377 | D:6      | Found a glowing drain.
  4390 | D:6      | Killed Grinder
  4391 | D:6      | Reached skill level 9 in Axes
  4391 | D:6      | Reached skill level 5 in Shields
  4403 | Sewer    | Entered a sewer
  4481 | Sewer    | Reached * piety under Beogh
  4712 | D:6      | Reached ** piety under Beogh
  4730 | D:6      | Found a radiant altar of Vehumet.
  4996 | D:6      | Reached XP level 9. HP: 49/75 MP: 9/9
  5011 | D:6      | HP: 2/75 [gnoll sergeant/+0 trident (7)]
  5013 | D:6      | Slain by a gnoll sergeant

Illustrated notes

Levels and vault maps discovered:
D:1:      onia_arrival_pyramid, layout_loops_ring, serial_shops, shop,
          nicolae_shop_rolled_up, nicolae_shop_crystal, nicolae_shop_dealshenge
D:2:      layout_rooms, kennysheep_generic_room_10
D:3:      layout_basic, nemelex_xobeh_ov_fountains_minmay,
          uniq_crazy_yiuf_cottage
D:4:      kennysheep_the_goblin_king, layout_loops_ring, gammafunk_ghost_split,
          minmay_quadrilaterals
D:5:      layout_loops_ring, mainiacjoe_overflow_swirl, lexackson_kobold_supper
D:6:      layout_basic, nicolae_ru_path_of_blood, fedhas_bush_and_centaur_altar,
          nicolae_overflow_crystal_walls, kennysheep_mini, temple_statues,
          cheibrodos_sewer_entry_drain, uniq_grinder

Skill      XL: |  1  2  3  4  5  6  7  8 |
---------------+-------------------------+-----
Fighting       | 4 5 6 |  6.2
Axes           | 3 4 5 6 7 9 |  9.9
Armour         | 4 5 6 7 |  7.2
Shields        | 4 5 |  5.6
Dodging        | |  0.5

Action                     |  1- 3 |  4- 6 |  7- 9 || total
---------------------------+-------+-------+-------++-------
  Melee: War axe           |   114 |   124 |   151 ||   389
 Invoke: Convert to Beogh  |       |       |     1 ||     1
    Use: Scroll            |     4 |     2 |     8 ||    14
         Potion            |       |     1 |     4 ||     5
 Armour: Scale mail        |    95 |    74 |       ||   169
         Plate armour      |       |    14 |   137 ||   151
  Dodge: Dodged            |    61 |    51 |    32 ||   144
  Block: Buckler           |     5 |       |       ||     5
         Kite shield       |       |    10 |    81 ||    91
